AoeStats
← YOYO D NAZARENO

African Clearing

505348169Analyzed
3v3 RM · 22d ago on Sep 9, 2026· 47m 36s· 6 players
Game mode
Random Map
Map size
Normal (6 player)
Population
200
Speed
Normal
Resources
Standard
Victory
Conquest
Starting age
Dark Age
Ending age
Imperial Age
RankedLock teamsTeams togetherTeam positionsShared explorationLock speedFull tech treeHidden civsTurbo modeCheats
Victory
Defeat
🇨🇱 Mongols · Chile
1305
+12
🇨🇱 Wu · Chile
1292
+13
🇨🇱 Khmer · Chile
1236
+15
🇨🇱 Saracens · Chile
1277
-15
🇨🇱 Italians · Chile
1198
-13
🇨🇱 Mongols · Chile
1184
-12
|VNKS| Ildemaro14
6:05 Loom
12:41 Feudal Age
14:38 Double-Bit Axe
25:58 Castle Age
25:04 Horse Collar
25:14 Gold Mining
26:02 Crossbowman
26:48 Thumb Ring
26:35 Fletching
26:45 Padded Archer Armor
34:23 Wheelbarrow
35:56 Hand Cart
35:52 Bow Saw
35:42 Heavy Plow
36:19 Gold Shaft Mining
38:57 Pikeman
39:37 Squires
39:49 Forging
39:40 Scale Mail Armor
45:43 Town Watch
Stor3y76
5:06 Loom
19:34 Feudal Age
22:49 Double-Bit Axe
23:54 Wheelbarrow
33:48 Castle Age
37:51 Horse Collar
41:32 Heavy Plow
45:51 Scale Mail Armor
45:13 Pikeman
47:36 Chain Mail Armor
48:03 Gold Mining
ggaravitod10
12:51 Feudal Age
13:31 Double-Bit Axe
13:56 Loom
15:08 Fishing Lines
15:51 Town Watch
20:35 Castle Age
18:59 Scale Mail Armor
19:48 Arson
20:17 Forging
21:20 Squires
21:21 Gillnets
24:09 Chain Mail Armor
24:33 Wheelbarrow
26:03 Iron Casting
28:00 Hand Cart
28:38 Bow Saw
28:19 Gold Mining
32:08 Gold Shaft Mining
31:24 Stone Mining
34:14 Stone Shaft Mining
33:39 Horse Collar
33:52 Fletching
35:12 Bodkin Arrow
35:28 Heavy Plow
39:06 Imperial Age
37:14 Treadmill Crane
38:15 Padded Archer Armor
38:28 Masonry
38:35 Fervor
38:27 Pikeman
40:03 Sanctity
41:02 Two-Man Saw
40:35 Architecture
40:53 Conscription
41:10 Town Patrol
42:30 Chemistry
42:38 Plate Mail Armor
43:09 Blast Furnace
42:55 Coinage
43:41 Guilds
45:21 Banking
44:52 Caravan
44:57 Red Cliffs Tactics
45:31 Halberdier
46:16 Elite Fire Archer
YOYO D NAZARENO
14:02 Feudal Age
22:02 Castle Age
20:39 Fletching
21:29 Stone Mining
21:30 Gold Mining
21:27 Double-Bit Axe
23:56 Loom
24:16 Loom
24:32 Bodkin Arrow
SirCogollo
4:45 Loom
15:28 Feudal Age
18:18 Wheelbarrow
18:48 Wheelbarrow
21:44 Double-Bit Axe
27:33 Castle Age
27:50 Scale Barding Armor
28:00 Forging
36:48 Iron Casting
KukaHigh
3:44 Loom
13:25 Feudal Age
18:31 Castle Age
18:42 Fletching
21:49 Bodkin Arrow
24:47 Horse Collar
25:09 Horse Collar
25:20 Double-Bit Axe
30:58 Wheelbarrow
30:36 Bow Saw
30:34 Town Watch
30:47 Horse Collar
32:34 Heavy Plow
32:40 Gold Mining
33:03 Scale Barding Armor
33:08 Forging
33:44 Bloodlines
33:35 Husbandry
34:40 Chain Barding Armor
35:18 Iron Casting
38:24 Hand Cart
38:56 Gold Shaft Mining
43:23 Town Patrol
46:30 Imperial Age
45:40 Padded Archer Armor
48:18 Blast Furnace
47:19 Bracer
47:47 Thumb Ring
47:02 Crossbowman
47:59 Leather Archer Armor
Connection lost

Rejoining the realm…

Still unreachable

The connection could not be restored.

Session expired

The server has moved on; the page needs a fresh start.